Map: [ESL] Oceanborn

Players

Kelazhur

  • Race: Terran Terran
  • League: Master
  • Spawn Location: 11:00

Harstem - Winner!

  • Race: Protoss Protoss
  • League: Master
  • Spawn Location: 5:00

Event: Bellum Gens Elite Stara Zagora 2024

VOD

Have the link to the VOD?

Description

Time

  • Played on: Sept. 6, 2024, 10:46 a.m.
  • Length: 12:49

All games in this series

Show
View Real Time Build Order
Export as new Build Order

Kelazhur Terran 

Build Orders: Reaper Expand 

Get SALT Encoding   

  12  0:00  SCV  
  13  0:12  SCV  
  14  0:16  Supply Depot  
  14  0:24  SCV  
  15  0:38  SCV  
  15  0:41  Barracks  
  16  0:42  Refinery  
  16  0:50  SCV  
  17  1:02  SCV  
  18  1:14  SCV  
  19  1:27  Orbital Command, Reaper  
  20  1:38  Command Center  
  20  1:45  Supply Depot  
  20  1:53  SCV  
  21  1:59  Marine  
  22  2:04  Factory  
  22  2:06  SCV  
  23  2:13  Bunker  
  23  2:18  SCV  
  23  2:20  Barracks Reactor  
  23  2:21  Refinery  
  24  2:30  SCV  
  25  2:42  SCV  
  26  2:49  Armory  
  26  2:50  Factory Tech Lab  
  26  2:51  Orbital Command  
  26  2:54  SCV  
  26  2:57  Marine x2  
  29  3:06  SCV  
  29  3:09  Widow Mine  
  31  3:15  Marine x2  
  31  3:18  SCV  
  34  3:21  Starport  
  34  3:22  SCV  
  35  3:30  SCV, Widow Mine  
  35  3:33  Marine x2  
  40  3:36  SCV  
  40  3:38  Supply Depot, Drilling Claws  
  41  3:44  SCV  
  41  3:48  SCV  
  43  3:51  Widow Mine  
  46  3:58  Supply Depot  
  46  3:59  Medivac  
  46  4:01  Marine x2  
  49  4:04  SCV x2  
  49  4:08  Supply Depot  
  51  4:13  Widow Mine  
  51  4:16  SCV  
  54  4:19  SCV, Marine x2  
  54  4:20  Supply Depot  
  57  4:29  Supply Depot, SCV, Barracks  
  58  4:31  SCV  
  58  4:35  Siege Tank  
  58  4:37  Marine  
  58  4:38  Marine  
  64  4:41  SCV  
  64  4:44  SCV  
  66  4:47  Barracks  
  65  4:53  SCV  
  65  4:54  Starport Tech Lab  
  65  4:56  SCV  
  65  4:59  Refinery  
  67  5:00  Refinery  
  67  5:01  Marine, Engineering Bay  
  67  5:03  Marine  
  67  5:05  SCV  
  70  5:11  SCV  
  69  5:18  SCV  
  69  5:21  Marine x2, Command Center  
  66  5:27  SCV  
  69  5:30  Missile Turret x2  
  69  5:31  SCV  
  66  5:37  Stimpack  
  66  5:40  Starport Reactor  
  66  5:42  SCV  
  67  5:43  SCV  
  67  5:44  Marine  
  67  5:45  Combat Shield, Marine x2  
  67  5:48  Marauder  
  67  5:49  Factory Tech Lab  
  73  5:53  Supply Depot  
  73  5:54  Terran Infantry Weapons Level 1  
  73  5:57  SCV  
  73  6:02  SCV  
  73  6:03  Marine  
  76  6:05  Supply Depot, Marine  
  76  6:08  Siege Tank  
  76  6:11  Marauder  
  82  6:12  SCV  
  82  6:14  SCV  
  82  6:16  Marauder  
  86  6:20  Medivac x2  
  86  6:24  SCV, Marine  
  92  6:28  Marine  
  93  6:37  Barracks x2, Marauder  
  95  6:41  SCV  
  95  6:46  Marauder  
  99  6:47  SCV  
  99  6:49  Missile Turret  
  99  6:50  Missile Turret  
  99  6:53  SCV  
  100  6:56  Supply Depot  
  100  6:59  SCV  
  100  7:01  Orbital Command  
  101  7:02  Marine x2  
  101  7:03  Marauder  
  101  7:04  Siege Tank  
  101  7:06  SCV  
  109  7:11  SCV, Engineering Bay  
  109  7:15  Concussive Shells, Marauder  
  112  7:16  Refinery  
  112  7:20  Medivac x2  
  112  7:22  SCV  
  117  7:23  SCV  
  118  7:30  Marauder  
  118  7:33  SCV  
  118  7:34  SCV  
  118  7:35  SCV, Barracks Reactor  
  123  7:43  Factory Reactor  
  122  7:45  SCV  
  122  7:46  Marauder  
  122  7:49  Supply Depot  
  122  7:50  Terran Infantry Weapons Level 2  
  122  7:51  Supply Depot, Terran Infantry Armor Level 1  
  125  7:53  Marine x2, Medivac x2  
  125  7:57  SCV x2, Refinery  
  133  8:09  Supply Depot  
  133  8:10  Supply Depot, SCV  
  133  8:11  Marauder x2  
  138  8:14  Command Center  
  138  8:17  Marine  
  138  8:18  Marauder  
  141  8:23  Marine x2, Viking  
  141  8:26  Marine  
  145  8:30  Ghost Academy  
  145  8:31  SCV  
  145  8:32  SCV x2, Marauder  
  150  8:42  Marine x3, Marauder  
  150  8:43  Marauder  
  150  8:44  Marine  
  150  8:46  Supply Depot  
  157  8:50  Supply Depot  
  157  8:53  Marauder  
  149  8:59  Viking x2  
  149  9:00  Marine x2  
  149  9:01  Marine  
  156  9:03  Ghost x2  
  160  9:14  Ghost  
  151  9:27  Marine  
  118  9:32  Ghost x2, Viking  
  118  9:33  Marine x2  
  123  9:39  Marine  
  123  9:42  Ghost  
  123  9:45  Marine  
  112  9:52  Marine  
  83  9:54  Marine  
  83  9:56  Viking  
  83  9:57  Marine  
  83  9:59  SCV  
  71  10:00  Ghost  
  71  10:01  Marauder  
  71  10:03  Marine  
  71  10:08  SCV x2  
  71  10:10  Marine, Viking  
  71  10:11  SCV  
  71  10:12  Marine, Marauder  
  80  10:15  Marine  
  80  10:19  Bunker  
  80  10:20  SCV, Terran Infantry Armor Level 2  
  80  10:21  Marine  
  83  10:22  Marauder  
  83  10:28  Marine  
  85  10:29  SCV, Marauder  
  85  10:30  Orbital Command  
  85  10:33  Marauder  
  91  10:41  SCV x2  
  87  10:44  Marine, Marauder  
  87  10:45  Marine x2  
  87  10:46  Marine  
  87  10:47  Viking  
  87  10:48  Viking  
  96  10:53  Orbital Command, SCV x2  
  96  10:56  Marine  
  101  10:57  Marauder  
  101  11:02  Marine  
  89  11:07  Marauder  
  89  11:10  Marine x3  
  83  11:15  Marauder  
  83  11:18  Marine  
  85  11:19  Marine  
  85  11:20  SCV x3  
  85  11:21  Medivac  
  85  11:25  Medivac  
  93  11:31  Widow Mine  
  93  11:32  Marine, Marauder  
  96  11:35  SCV x2  
  99  11:41  Marine x2  
  102  11:47  Marauder  
  102  11:49  Marauder  
  102  11:51  Orbital Command  
  83  12:01  Marine x2  
  83  12:02  Marine x2, Marauder  
  79  12:08  Marauder  
  79  12:13  Marauder  
  75  12:19  Marine x2  
  75  12:21  SCV x3  
  80  12:23  Marine x2, Marauder  
  80  12:25  Widow Mine  
  80  12:26  Widow Mine  
Show
View Real Time Build Order
Export as new Build Order

Harstem Protoss - Winner!

Build Orders: 1 Gate Expand, Phoenix Opening, Archon Immortal, Colossus Rush 

Get SALT Encoding   

  12  0:00  Probe  
  13  0:12  Probe  
  14  0:17  Pylon  
  14  0:24  Probe  
  15  0:36  Gateway  
  15  0:37  Probe (Chrono Boost)  
  16  0:46  Assimilator  
  16  0:47  Probe (Chrono Boost)  
  17  0:51  Probe (Chrono Boost)  
  18  1:03  Probe  
  19  1:17  Nexus  
  19  1:27  Cybernetics Core  
  19  1:30  Probe  
  20  1:34  Assimilator  
  20  1:42  Probe  
  20  1:45  Pylon  
  22  1:54  Probe  
  22  2:00  Adept (Chrono Boost)  
  22  2:06  Probe (Chrono Boost)  
  26  2:16  Probe (Chrono Boost)  
  26  2:21  Probe (Chrono Boost), Stargate  
  26  2:24  Adept (Chrono Boost)  
  26  2:29  Probe  
  30  2:32  Probe  
  30  2:33  Warp Gate  
  31  2:41  Probe  
  31  2:44  Probe  
  32  2:53  Probe  
  32  2:56  Probe  
  34  3:05  Probe (Chrono Boost)  
  34  3:06  Phoenix  
  34  3:12  Probe (Chrono Boost)  
  38  3:17  Robotics Facility, Pylon  
  38  3:18  Probe (Chrono Boost)  
  39  3:24  Probe x2 (Chrono Boost)  
  41  3:27  Assimilator  
  41  3:29  Assimilator  
  41  3:31  Phoenix  
  41  3:32  Probe (Chrono Boost)  
  45  3:34  Probe (Chrono Boost)  
  45  3:38  Pylon  
  45  3:44  Probe (Chrono Boost)  
  47  3:50  Probe (Chrono Boost)  
  47  3:51  Probe (Chrono Boost)  
  48  3:56  Phoenix  
  48  3:57  Probe  
  48  3:58  Probe  
  52  4:06  Observer  
  52  4:09  Probe  
  54  4:10  Probe  
  54  4:12  Nexus  
  54  4:16  Pylon  
  55  4:21  Probe  
  55  4:22  Phoenix  
  58  4:24  Probe  
  58  4:30  Sentry, Robotics Bay  
  61  4:33  Probe  
  61  4:36  Probe  
  63  4:44  Immortal (Chrono Boost)  
  63  4:45  Probe  
  63  4:49  Pylon  
  63  4:52  Probe  
  67  4:59  Phoenix  
  69  5:00  Gateway, Probe  
  69  5:07  Probe  
  71  5:11  Shield Battery  
  71  5:12  Probe  
  69  5:15  Observer (Chrono Boost)  
  69  5:20  Probe (Chrono Boost)  
  71  5:24  Probe x2 (Chrono Boost)  
  71  5:27  Colossus (Chrono Boost)  
  81  5:35  Probe (Chrono Boost), Phoenix  
  81  5:36  Probe (Chrono Boost)  
  81  5:37  Probe (Chrono Boost)  
  81  5:40  Extended Thermal Lance, Probe (Chrono Boost)  
  85  5:43  Observer  
  85  5:44  Zealot  
  85  5:46  Probe  
  85  5:49  Pylon  
  87  5:51  Forge, Probe  
  87  5:53  Pylon x2  
  87  5:55  Probe  
  89  5:58  Probe  
  89  6:00  Shield Battery  
  89  6:04  Sentry, Probe  
  91  6:07  Probe  
  91  6:10  Zealot, Twilight Council  
  96  6:13  Colossus (Chrono Boost)  
  102  6:20  Gateway  
  102  6:21  Gateway  
  102  6:24  Probe  
  103  6:26  Probe  
  103  6:27  Protoss Ground Weapons Level 1 (Chrono Boost)  
  104  6:36  Pylon  
  104  6:38  Gateway  
  104  6:39  Gateway  
  104  6:42  Gateway x2  
  104  6:45  Phoenix  
  104  6:46  Charge (Chrono Boost)  
  106  6:53  Assimilator  
  106  6:54  Pylon  
  106  6:57  Assimilator  
  106  7:00  Colossus (Chrono Boost)  
  106  7:04  Pylon, Probe  
  106  7:05  Pylon  
  106  7:07  Probe  
  114  7:13  Nexus  
  114  7:20  Templar Archives  
  114  7:21  Zealot x3  
  120  7:25  Zealot  
  122  7:30  Pylon, Photon Cannon  
  122  7:33  Probe  
  122  7:35  Photon Cannon  
  123  7:38  Probe  
  123  7:42  Probe  
  125  7:46  Zealot x3  
  125  7:49  Warp Prism (Chrono Boost)  
  133  7:56  Forge  
  132  7:58  Probe  
  132  8:00  High Templar x3  
  132  8:01  Zealot, High Templar  
  132  8:04  Probe  
  143  8:07  Pylon  
  143  8:09  Archon x2  
  143  8:11  Robotics Facility  
  143  8:16  Zealot x3  
  143  8:18  Observer (Chrono Boost)  
  148  8:23  Protoss Ground Weapons Level 2 (Chrono Boost)  
  148  8:25  Probe x2  
  148  8:26  Protoss Ground Armor Level 1 (Chrono Boost)  
  150  8:32  Zealot x2  
  152  8:39  Zealot  
  152  8:40  Zealot x5  
  164  8:44  Immortal (Chrono Boost)  
  162  8:56  High Templar  
  162  8:57  High Templar  
  162  9:00  Zealot x4  
  162  9:01  Zealot x2, Archon  
  178  9:19  Immortal (Chrono Boost)  
  160  9:30  Zealot x8  
  160  9:31  Immortal (Chrono Boost)  
  144  9:49  Immortal (Chrono Boost)  
  144  9:50  Zealot x8  
  124  10:08  Probe  
  124  10:09  Probe x2  
  124  10:10  Probe  
  124  10:13  High Templar x4, Immortal (Chrono Boost)  
  124  10:14  Zealot x2, High Templar x2  
  138  10:18  Protoss Ground Armor Level 2 (Chrono Boost)  
  138  10:19  Archon x3  
  144  10:26  Nexus  
  148  10:28  Immortal (Chrono Boost)  
  144  10:40  Zealot x2  
  144  10:47  Zealot x6  
  144  10:48  Immortal (Chrono Boost)  
  156  10:51  Probe  
  156  10:53  Pylon  
  157  11:02  Zealot x2  
  151  11:11  Zealot x6  
  149  11:14  Immortal (Chrono Boost)  
  149  11:17  Probe  
  146  11:20  Probe  
  146  11:21  Gateway  
  146  11:25  Gateway  
  147  11:31  High Templar x3  
  147  11:32  Zealot x4, High Templar  
  161  11:33  Warp Prism (Chrono Boost)  
  161  11:36  Probe x2  
  161  11:37  Archon x2  
  158  11:55  Observer  
  158  11:57  Zealot x4  
  158  12:00  Immortal  
  148  12:04  Zealot x4  
  130  12:16  Probe  
  130  12:19  Probe  
  130  12:20  Probe  
  133  12:23  Gateway  
  133  12:25  Gateway, Sentry, High Templar  
  133  12:26  Gateway, High Templar x3, Zealot x4  
  133  12:27  Zealot, Gateway  
  153  12:30  Archon  
  153  12:36  Archon  
  145  12:37  Probe  
Tags
 
Add a new tag
Caveats
  • Supply blocks, unpowered buildings, or Contaminate may cause inaccurate times.
  • Supply counts are checked every 10 seconds.